 Dungeon Crawl Stone Soup version 0.26.1-11-gd32895ea62 (webtiles) character file.

Game seed: 13112090917235676872

109 MrSixtyFour the Ruffian (level 4, -1/35 HPs)
             Began as a Draconian Transmuter on June 29, 2021.
             Slain by a gnoll
             ... wielding a +0 flail
              (8 damage)
             ... on level 2 of the Dungeon.
             The game lasted 00:06:35 (2741 turns).

MrSixtyFour the Ruffian (Draconian Transmuter)      Turns: 2741, Time: 00:06:36

Health: -1/35      AC:  5    Str: 13    XL:     4   Next: 59%
Magic:  7/8        EV: 12    Int: 13    God:
Gold:   109        SH:  0    Dex: 12    Spells: 7/8 levels left

rFire    . . .     SeeInvis .     - Unarmed
rCold    . . .     Faith    .   (no shield)
rNeg     . . .     Spirit   .   (armour unavailable)
rPois    .         Reflect  .   (helmet currently unavailable)
rElec    .         Harm     .   (no cloak)
rCorr    .         Rampage  .   (no gloves)
Will     .....                  (boots currently unavailable)
Stlth    ++........             (no amulet)
HPRegen  0.11/turn              (no ring)
MPRegen  0.11/turn              (no ring)

@: appendages (expiring)
A: unfitting armour, horns 2, talons 2, cold-blooded, AC +5
a: End Transformation


You were on level 2 of the Dungeon.
You had grown temporary horns.
You had grown temporary talons.
You visited 1 branch of the dungeon, and saw 2 of its levels.

You collected 109 gold pieces.

Inventory:

Scrolls
 a - 5 scrolls of identify {unknown}
 b - a scroll of random uselessness {unknown}
 g - 2 scrolls of remove curse {unknown}
 h - 2 scrolls of fear {unknown}
Potions
 c - a potion of ambrosia {unknown}
 d - a potion of curing {unknown}
 e - a potion of brilliance {unknown}
 f - a potion of might {unknown}
 i - 2 potions of cancellation {unknown}


   Skills:
 + Level 1.2 Fighting
 + Level 2.4 Dodging
 + Level 1.0 Stealth
 + Level 3.9 Unarmed Combat
 + Level 2.6 Spellcasting
 + Level 2.8 Transmutations


You had 7 spell levels left.
You knew the following spells:

 Your Spells              Type           Power        Failure   Level
a - Beastly Appendage     Tmut           18%          8%          1

Your spell library contained the following spells:

 Spells                   Type           Power        Failure   Level
 Wereblood                Tmut           9%           11%         2
 Spider Form              Tmut/Pois      2%           36%         3
 Ice Form                 Ice/Tmut       5%           78%         4
 Blade Hands              Tmut           4%           90%         5


Dungeon Overview and Level Annotations

Branches:
Dungeon (2/15)

Altars:


Innate Abilities, Weirdness & Mutations

Your plain brown scales are hard. (AC +5)
You cannot fit into any form of body armour.
You are cold-blooded and may be slowed by cold attacks.
You have a pair of horns on your head.
You have razor-sharp toenails.


Message History

The gnoll hits you from afar with a +0 spear.
You hit the gnoll. You claw the gnoll!
The gnoll is almost dead.
The gnoll hits you with a +0 flail. x2; The gnoll barely misses you.
You hit the gnoll. You headbutt the gnoll. You tail-slap the gnoll.
The gnoll is severely wounded.
The gnoll closely misses you. x2
You barely miss the gnoll.
The gnoll is almost dead.
Your transformation is almost over.
The gnoll hits you with a +0 flail.
* * * LOW HITPOINT WARNING * * *
You punch the gnoll!
You kill the gnoll!
The gnoll hits you from afar with a +0 spear.
* * * LOW HITPOINT WARNING * * *
You hit the gnoll.
Your tail-slap misses the gnoll.
The gnoll is severely wounded.
The gnoll hits you with a +0 flail!
You die...

#......######....(.......
........................ #.
#.................##... .
#............#.#.##... #.##
#.......)รท........#.#. #.#.
##...g...........(.....
...####..........#...........
##.#$...#.##...............##
#####.........gg@#....#......##
# .........######..............
# .....^..## .....##........ #
.......## ###..## ...... #
.....#. ##.. ...... # .....#.
###. .... .... #= .. ##.. ...
#. .. ### ... .. #


You could see 3 gnolls.

Vanquished Creatures
  Terence (D:1)
  3 adders (D:2)
  A gnoll (D:2)
  An ooze (D:1)
  A worm (D:2)
  A leopard gecko (D:1)
  2 ball pythons (D:2)
  A giant cockroach (D:1)
  5 goblins
  5 hobgoblins
  3 jackals (D:1)
  8 kobolds
  4 bats
  4 frilled lizards
  2 rats (D:2)
42 creatures vanquished.

Notes
Turn   | Place    | Note
-------+----------+-------------------------------------------
     0 | D:1      | MrSixtyFour the Draconian Transmuter began the quest for
                  | the Orb.
     0 | D:1      | Reached XP level 1. HP: 16/16 MP: 3/3
   444 | D:1      | Reached XP level 2. HP: 23/23 MP: 5/5
  1183 | D:2      | Noticed Terence
  1245 | D:2      | Reached XP level 3. HP: 25/28 MP: 4/6
  1270 | D:1      | Killed Terence
  2014 | D:2      | Reached XP level 4. HP: 31/35 MP: 5/7
  2421 | D:2      | Reached skill level 1 in Stealth
  2741 | D:2      | Slain by a gnoll

Illustrated notes

Levels and vault maps discovered:
D:1:      dpeg_arrival_morbid_curiosity, layout_basic, minivault_25
D:2:      layout_rooms, uniq_terence, uniq_robin

Skill      XL: |  1  2  3  4 |
---------------+-------------+-----
Dodging        | 2 |  2.4
Stealth        | 1 |  1.0
Fighting       | |  1.2
Unarmed Combat | |  3.9
Spellcasting   | |  2.6
Transmutations | |  2.8

Action                   |  1- 3 |  4- 6 || total
-------------------------+-------+-------++-------
Melee: Unarmed           |    98 |    44 ||   142
       Kick              |     9 |     4 ||    13
       Tailslap          |     5 |     5 ||    10
       Headbutt          |     8 |     5 ||    13
       Punch             |     1 |     2 ||     3
 Cast: Beastly Appendage |    13 |     3 ||    16
  Use: Potion            |     1 |       ||     1
 Stab: Sleeping          |     1 |       ||     1
Armor: Skin              |    32 |    17 ||    49
Dodge: Dodged            |    70 |    22 ||    92
